 Dungeon Crawl Stone Soup version 0.30.1-6-gbe392663c4 (webtiles) character file.

Game seed: 632211321581867788

1443 boopmooplesden the Covered (level 8, -12/70 HPs)
             Began as an Armataur Fighter on Sept 20, 2023.
             Succumbed to a gnoll sergeant's poison
             ... on level 5 of the Dungeon.
             The game lasted 00:08:01 (4290 turns).

boopmooplesden the Covered (Armataur Fighter)       Turns: 4290, Time: 00:08:02

Health: -12/70     AC: 12    Str: 22    XL:     8   Next: 46%
Magic:  8/8        EV: 11    Int:  8    God:
Gold:   258        SH:  5    Dex: 12    Spells: 7/7 levels left

rFire   . . .        a - +2 long sword (venom)
rCold   . . .        c - +0 buckler
rNeg    . . .        h - +0 chain mail
rPois   .            q - +2 helmet
rElec   .            (no cloak)
rCorr   .            (no gloves)
SInv    .            (no barding)
Will    +....        (no amulet) Stlth
                     s - +5 ring of evasion
HPRegen 0.31/turn    k - ring of willpower
MPRegen 0.11/turn

%: roll
@: lethally poisoned (-12 -> -70)
A: large, rugged brown scales 3, deformed body, armoured tail, roll, long
tongue, awkward tongue
a: no special abilities


You were on level 5 of the Dungeon.
You visited 1 branch of the dungeon, and saw 7 of its levels.
You also visited: Sewer.

You collected 258 gold pieces.

Inventory:

Hand Weapons
 a - a +2 long sword of venom (weapon)
 b - a +4 whip
 e - a +2 short sword of electrocution
Armour
 c - a +0 buckler (worn)
 h - a +0 chain mail (worn)
 q - a +2 helmet (worn)
Jewellery
 k - a ring of willpower (right hand)
 p - a ring of willpower
 s - a +5 ring of evasion (left hand)
 t - a ring of flight
Wands
 m - a wand of mindburst (15)
Scrolls
 i - a scroll of identify
 r - a scroll of teleportation
Potions
 d - a potion of might
 f - a potion of flight
 g - a potion of lignification
 l - a potion of magic
 o - a potion of brilliance


   Skills:
 + Level 4.2 Fighting
 + Level 6.7 Long Blades
 + Level 7.0 Armour
 + Level 1.4 Dodging
 + Level 0.4 Stealth
 + Level 5.5 Shields


You had 7 spell levels left.
You didn't know any spells.
Your spell library contained the following spells:

 Spells                   Type           Power      Damage    Failure   Level
 Magic Dart               Conj           0%         1d3       96%         1
 Sandblast                Erth           0%         2d4       96%         1
 Passwall                 Tmut/Erth      0%         N/A       99%         2
 Searing Ray              Conj           0%         2d4       99%         2
 Inner Flame              Hex/Fire       0%         N/A       100%        3
 Stone Arrow              Conj/Erth      0%         3d7       100%        3
 Flame Wave               Conj/Fire      0%         2d4       100%        4
 Fulminant Prism          Conj/Hex       0%         3d5       100%        4
 Sticky Flame             Conj/Fire      0%         2d3       100%        4


Dungeon Overview and Level Annotations

Branches:
Dungeon (7/15)              Sewer (visited)
 Temple: D:4-7

Altars:
Gozag
Makhleb
Uskayaw
Vehumet
Yredelemnul
Zin

Shops:
D:3 ?


Innate Abilities, Weirdness & Mutations

You are completely covered in rugged brown scales. (AC +3, +7% HP)
Armour fits poorly on your strangely shaped body.
You have a long armoured tail.
You roll when moving toward enemies. (Rampage)
Your long tongue fully drains potion bottles. (2x potion effects)
Your tongue gives you trouble enunciating. (1.5x scroll delay)


Message History

You kill the gnoll!
You feel sick.
You see here a +0 whip.
You feel better.
You slurp down every last drop of the potion of curing!
You start resting.
HP restored.
There is a stone staircase leading up here.
You climb upwards.
The gnoll misses you. The gnoll completely misses you.
There is a stone staircase leading down, spattered with blood here.
The gnoll closely misses you. You block the gnoll sergeant's attack.
You completely miss the gnoll. You tail-slap the gnoll!
The gnoll is severely wounded.
The gnoll closely misses you.
The gnoll sergeant hits you from afar with a +2 trident of venom!
You are poisoned.
You hit the gnoll.
You kill the gnoll!
You feel very sick.
The gnoll sergeant hits you but does no damage.
You are more poisoned.
You feel very sick.
The gnoll sergeant hits you with a +2 trident of venom!
You are lethally poisoned!
You see here a +0 spear.
You hit the gnoll sergeant.
The gnoll sergeant is poisoned.
You tail-slap the gnoll sergeant, but do no damage.
The gnoll sergeant is lightly wounded.
You feel extremely sick.
The gnoll sergeant hits you with a +2 trident of venom!
* * * LOW HITPOINT WARNING * * *
You are more poisoned.
* * * LOW HITPOINT WARNING * * *
You feel extremely sick.
The gnoll sergeant hits you from afar with a +2 trident of venom!
* * * LOW HITPOINT WARNING * * *
You are more poisoned.
Unknown command.
Okay, then.
You die...

#.g.g...........#~~~~~#
####..........#.'~~.~~#
##.#.....##...#.#~~~~~#
#.........###.#.#######
#....###g## ...........
##..####.# #....####..
#.####)g# ####.###..#
#..##.#.######..#.....
##.##@...##.........#.
##.##............####.
#.†...###.##..#.## #.
##...###..#####o.# #.
#....# #... .o......
#.....# ###.# #........
#....... .. ..o..s##.
#....##.. ......o...
#....# ... ..##.......


You could see a gnoll.

Vanquished Creatures
  A water moccasin (D:6)
  Pargi (Sewer)
  An ice beast (D:6)
  A black bear (D:6)
  A kobold brigand (D:6)
  A phantom (D:5)
  2 bullfrogs
  3 scorpions
  3 hounds
  2 orc priests
  A jelly (D:5)
  A sleepcap (D:6)
  4 iguanas
  2 orc wizards (D:5)
  7 gnolls
  11 adders
  A shadow imp (D:5)
  3 white imps
  2 ufetubi
  3 worms
  3 dart slugs
  7 orcs
  3 ball pythons
  6 endoplasms
  5 giant cockroaches
  5 goblins
  7 hobgoblins
  A jackal (D:4)
  2 quokkas (D:1)
  5 bats
  A frilled lizard (Sewer)
  10 kobolds
  3 rats
  A spectral orc (D:6)
110 creatures vanquished.

Notes
Turn   | Place    | Note
-------+----------+-------------------------------------------
     0 | D:1      | boopmooplesden the Armataur Fighter began the quest for the
                  | Orb.
     0 | D:1      | Reached XP level 1. HP: 19/19 MP: 1/1
   102 | D:1      | Reached XP level 2. HP: 16/26 MP: 2/2
   300 | D:1      | Found a faded altar of an unknown god.
   304 | D:1      | Reached skill level 4 in Armour
   496 | D:1      | Upgraded the game from 0.30.1-5-ged363bc7ee to
                  | 0.30.1-6-gbe392663c4
   523 | D:2      | Found a glowing silver altar of Zin.
   540 | D:2      | Reached XP level 3. HP: 20/32 MP: 3/3
  1072 | D:2      | Reached XP level 4. HP: 33/40 MP: 4/4
  1797 | D:3      | Reached skill level 5 in Armour
  1797 | D:3      | Reached XP level 5. HP: 38/48 MP: 5/5
  1845 | D:3      | Found Omuz Tau's Magic Scroll Shop.
  2144 | D:3      | Found an opulent altar of Gozag.
  2460 | D:4      | You fall into a shaft and drop 3 floors!
  2479 | D:7      | Reached XP level 6. HP: 53/54 MP: 6/6
  2545 | D:5      | Entered Level 5 of the Dungeon
  2546 | D:5      | Found a glowing drain.
  2576 | Sewer    | Entered a sewer
  2589 | Sewer    | Noticed Pargi
  2599 | Sewer    | Killed Pargi
  2812 | D:5      | Reached XP level 7. HP: 60/60 MP: 7/7
  2896 | D:5      | Reached skill level 5 in Long Blades
  2910 | D:5      | Reached skill level 6 in Armour
  2932 | D:5      | Reached skill level 1 in Dodging
  3145 | D:5      | Found a burning altar of Makhleb.
  3187 | D:5      | Reached skill level 5 in Shields
  3353 | D:6      | Found a radiant altar of Vehumet.
  3366 | D:6      | Reached XP level 8. HP: 70/70 MP: 8/8
  3557 | D:6      | Found a basalt altar of Yredelemnul.
  3844 | D:6      | Found a hide-covered altar of Uskayaw.
  3853 | D:6      | Reached skill level 7 in Armour
  4289 | D:5      | HP: 1/70 [gnoll sergeant/+2 trident of venom (7)]
  4290 | D:5      | Succumbed to a gnoll sergeant's poison

Illustrated notes

Levels and vault maps discovered:
D:1:      matt_arrival_diagonals, layout_rooms,
          hellmonk_ecumenical_altar_slurped_away, serial_glass, glass_columns_b,
          glass_columns_a, glass_columns_b, glass_columns_b, glass_columns_a,
          glass_columns_b, minmay_surrounded
D:2:      layout_loops_corners, serial_forest, infiniplex_forest_lined_room_2,
          infiniplex_forest_clump_small, infiniplex_forest_split,
          infiniplex_forest_straight_5, infiniplex_forest_zigzag_1,
          infiniplex_forest_end_1, infiniplex_forest_zigzag_2,
          infiniplex_forest_lined_2, infiniplex_forest_clump_small, basic_altar,
          chequers_serial_rivers_micro_d, minmay_hexomino_u4
D:3:      layout_basic, old_standard_altar, serial_shops, nicolae_shop_crystal
D:4:      layout_basic, nicolae_dithmenos_shadow_blocks
D:5:      layout_cave_pools, nicolae_overflow_hidden_temple,
          gup_sewer_entry_glass, serial_shops, nicolae_shop_tiny_glass,
          grunt_tough_drop
D:6:      layout_loops_ring, nicolae_uskayaw_dance_studio,
          yredelemnul_forgotten_temple_becter, nicolae_vehumet_radiance
D:7:      layout_loops_ring, minmay_temple_entry_metal_lava, hex_medium

Skill      XL: |  1  2  3  4  5  6  7  8 |
---------------+-------------------------+-----
Armour         | 4 5 6 7 |  7.0
Fighting       | 3 4 |  4.2
Long Blades    | 2 3 4 5 6 |  6.7
Shields        | 4 5 |  5.5
Dodging        | 1 |  1.4
Stealth        | |  0.4

Action                     |  1- 3 |  4- 6 |  7- 9 || total
---------------------------+-------+-------+-------++-------
  Melee: Long sword        |    77 |   160 |   129 ||   366
         Tailslap          |    11 |    21 |    20 ||    52
    Use: Scroll            |       |    10 |     6 ||    16
         Potion            |       |       |     2 ||     2
 Armour: Scale mail        |    50 |    52 |       ||   102
         Chain mail        |       |    29 |    84 ||   113
  Dodge: Dodged            |    35 |    92 |   120 ||   247
  Block: Buckler           |    28 |    38 |    54 ||   120
